 Dungeon Crawl Stone Soup version 0.21.1-1-g345015f (webtiles) character file.

2909 shakethe the Cleaver (level 9, -8/72 HPs)
             Began as a Demonspawn Gladiator on Feb 25, 2018.
             Was a Priest of Okawaru.
             Mangled by a hornet (11 damage)
             ... on level 8 of the Dungeon.
             The game lasted 00:13:37 (7058 turns).

shakethe the Cleaver (Demonspawn Gladiator)         Turns: 7058, Time: 00:13:38

Health: -8/72      AC: 15    Str: 15    XL:     9   Next: 49%
Magic:  10/10      EV: 14    Int: 18    God:    Okawaru [***...]
Gold:   442        SH:  0    Dex: 14    Spells: 8/8 levels left

rFire    . . .     SeeInvis .   a - +1 war axe
rCold    + . .     Gourm    .   (no shield)
rNeg     . . .     Faith    .   t - +6 leather armour "Zarchadomy" {MR+}
rPois    .         Spirit   .   c - +0 helmet
rElec    .         Reflect  .   (no cloak)
rCorr    .         Harm     .   o - +0 pair of gloves
MR       +....                  (no boots)
Stlth    +.........             (no amulet)
HPRegen  0.22/turn              r - +5 ring of intelligence
MPRegen  0.12/turn              (no ring)

@: lethally poisoned (-8 -> -18), slowed, drained, very slow
A: hooves 2, icy blue scales 3, powered by death 1
a: Heroism, Renounce Religion


You were on level 8 of the Dungeon.
You worshipped Okawaru.
Okawaru was most pleased with you.
You were hungry.

You visited 1 branch of the dungeon, and saw 8 of its levels.

You collected 442 gold pieces.

Inventory:

Hand Weapons
 a - a +1 war axe (weapon)
Missiles
 d - 2 throwing nets (quivered) {=f, !d}
 y - 3 steel tomahawks
Armour
 c - a +0 helmet (worn)
 o - a +0 pair of gloves (worn)
   (You found it on level 2 of the Dungeon)
 t - the +6 leather armour "Zarchadomy" (worn) {MR+}
   (You found it on level 4 of the Dungeon)

   It affects your resistance to hostile enchantments.
Magical Staves
 w - an uncursed staff of poison {unknown}
   (You found it on level 6 of the Dungeon)
Jewellery
 r - a +5 ring of intelligence (left hand)
   (You found it on level 3 of the Dungeon)
Scrolls
 e - 5 scrolls of teleportation
 h - 3 scrolls of random uselessness
 j - a scroll of immolation {!r}
 l - a scroll of blinking {unknown}
 n - 2 scrolls of enchant weapon
 q - 8 scrolls of remove curse
 v - a scroll of noise {!r}
 x - 2 scrolls of identify
 B - a scroll of fear
 C - 2 scrolls of brand weapon {unknown}
Potions
 g - a potion of mutation {!q}
 i - 3 potions of brilliance
 k - 2 potions of lignification {unknown}
 m - 2 potions of curing {unknown}
 p - 2 potions of flight
 s - a potion of heal wounds {unknown}
 z - a potion of degeneration {unknown}
 A - a potion of resistance {unknown}
Books
 b - a book of Conjurations
   (You found it on level 6 of the Dungeon)
Comestibles
 f - 10 rations
 D - 2 chunks of flesh {@w0@w0}


   Skills:
 + Level 7.2(7.0) Fighting
 * Level 9.5(9.3) Axes
 - Level 1.7(1.5) Throwing
 + Level 5.2(5.0) Dodging
 + Level 2.4(2.2) Invocations


You had 8 spell levels left.
You didn't know any spells.

Dungeon Overview and Level Annotations

Branches:
Dungeon (8/15)             Temple (0/1) D:7
   Lair: D:8-11

Altars:
Ashenzari
Cheibriados
Dithmenos
Elyvilon
Gozag
Hepliaklqana
Okawaru
Qazlal
Ru
Xom
Yredelemnul
Zin
The Shining One

Shops:
D:6 *

Annotations:
D:3 Natasha


Innate Abilities, Weirdness & Mutations

You have hoof-like feet.
You are completely covered in icy blue scales. (AC +4, rC+)
You regenerate a little health from kills.


Message History

The wight hits you with a scimitar.
You take 6 damage, and have 62/72 hp.
You slash the wight!
You destroy the wight!
Okawaru accepts your kill.
Your Invocations skill increases to level 2!
Things that are here:
a scimitar; a robe
There is a stone staircase leading up here.
As you read the scroll labeled DUNKOH KAAS, it crumbles to dust.
You feel aware of your surroundings.
You sensed 3 altars, and 1 shop/portal.
It was a scroll of magic mapping.
A wight comes into view. It is wielding an enchanted battleaxe.
A wyvern comes into view.
The wyvern hisses angrily.
You gain the combat prowess of a mighty hero.
The wyvern misses you. The wyvern barely misses you.
You now have 8/10 mp.
You barely miss the wyvern. You punch the wyvern. The wyvern bites you.
You take 1 damage, and have 64/72 hp.
You barely miss the wyvern. Your kick misses the wyvern. The wyvern misses you.
You hit the wyvern. You kick the wyvern. The wyvern barely misses you.
You barely miss the wyvern. The wyvern bites you!
You take 8 damage, and have 56/72 hp.
You slash the wyvern! The wyvern completely misses you.
The wyvern barely misses you.
A hornet comes into view.
You are feeling hungry.
You hit the wyvern but do no damage. You kick the wyvern. You hit the wight.
The wyvern bites you! The wight closely misses you.
You take 10 damage, and have 46/72 hp.
You hit the wyvern but do no damage. You barely miss the wight.
The wyvern barely misses you.
You hit the wyvern. Your kick misses the wyvern.
You hit the wight but do no damage. The wyvern bites you! The wight misses you.
You take 10 damage, and have 36/72 hp.
You slash the wyvern!
You kill the wyvern!
Okawaru accepts your kill.
You hit the hornet. You hit the wight. You closely miss the wight.
You punch the wight, but do no damage. You hit the hornet.
The hornet misses you. The wight closely misses you. The hornet misses you.
You closely miss the wight. You hit the hornet. The hornet misses you.
The wight hits you with an enchanted battleaxe.
You feel drained.
You take 3 damage, and have 35/72 hp.
You hit the wight.
You destroy the wight!
Okawaru accepts your kill.
You hit the hornet. The hornet stings you.
You feel yourself slow down.
You hit the hornet but do no damage. You kick the hornet.
The hornet stings you but does no damage.
The hornet closely misses you.
You regained 2 hp, and now have 37/72 hp.
You completely miss the hornet. You kick the hornet.
Your punch misses the hornet. The hornet closely misses you.
The hornet stings you but does no damage.
You regained 3 hp, and now have 40/72 hp.
You hit the hornet but do no damage.
You feel yourself speed up. The hornet stings you!
You feel yourself slow down.
You take 10 damage, and have 30/72 hp.
You closely miss the hornet. You kick the hornet.
You feel like a meek peon again. The hornet closely misses you. x2
You slash the hornet!
You feel yourself speed up. The hornet stings you.
You are poisoned.
You feel yourself slow down. The hornet stings you.
You feel as though you will be slow longer.
The hornet stings you but does no damage.
You take 6 damage, and have 25/72 hp.
MP restored: 10 You barely miss the hornet.
You feel yourself speed up.
You feel sick. The hornet completely misses you.
The hornet stings you but does no damage.
A wight comes into view. It is wielding a trident.
Unknown command.
You miss the hornet. Your kick misses the hornet. The hornet stings you!
* * * LOW HITPOINT WARNING * * *
You are more poisoned.
You feel yourself slow down.
You take 8 damage, and have 17/72 hp.
Okay, then.
You barely miss the hornet. You kick the hornet, but do no damage.
You feel very sick. The hornet stings you.
* * * LOW HITPOINT WARNING * * *
You feel as though you will be slow longer.
The hornet stings you!
* * * LOW HITPOINT WARNING * * *
You feel as though you will be slow longer.
The hornet stings you!
You die...

**,,,**,* *,*,,,**,,,,*
,,,,,,,,* *,*,_,,,,.###
**,,,******,*,,,,,..PP##**
*,,,* **,,****,,.....,,*
**,*,****,,,,,,###...P,_,*
,,,*,,,*,,,,**##.#..#*,,,*
,*****,,,,,,,,,.....,*****
,,,*,,,*,,,****#†y#*,*
**,*,******* #@.#*,*
**,,,** #).#*,* ,,,,,,*
#..#*,* *****,* #..#*,*
****,******* #z.#*,*
**,,,,,,,,,,* #..##.#
**,**,*****,* #.....#
,*,*,,,** *,* #.##..#
**,,***.###.####<#*..#


You could see a hornet and a wight.

Vanquished Creatures
  Prince Ribbit (D:6)
  A wyvern (D:8)
  A steam dragon (D:6)
  A water moccasin (D:7)
  An ice beast (D:4)
  3 orc warriors
  A black bear (D:6)
  A necrophage (D:7)
  3 ogres
  2 centaurs
  4 bullfrogs
  3 scorpions
  2 wights (D:8)
  A howler monkey (D:5)
  A centaur zombie (D:5)
  A bullfrog zombie (D:7)
  4 hounds
  3 orc priests
  A jelly (D:3)
  2 centaur skeletons (D:7)
  A bullfrog skeleton (D:4)
  An iguana (D:7)
  A worker ant (D:5)
  5 orc wizards
  Natasha (D:3)
  3 hound skeletons
  A gnoll (D:5)
  A howler monkey skeleton (D:5)
  7 adders
  3 shadow imps
  An adder zombie (D:6)
  4 worms
  A dart slug (D:4)
  7 leopard geckos
  23 orcs
  A ball python (D:1)
  6 bats
  5 giant cockroaches
  5 goblins
  9 hobgoblins
  7 jackals
  6 kobolds
  A quokka (D:5)
  7 frilled lizards
  A quokka skeleton (D:7)
  5 rats
150 creatures vanquished.

Notes
Turn   | Place    | Note
-------+----------+-------------------------------------------
     0 | D:1      | shakethe the Demonspawn Gladiator began the quest for the Orb.
     0 | D:1      | Reached XP level 1. HP: 16/16 MP: 1/1
    43 | D:1      | Reached skill level 3 in Axes
    61 | D:1      | Gained mutation: You have large cloven feet. [demonic ancestry]
    61 | D:1      | Reached XP level 2. HP: 11/22 MP: 2/2
   426 | D:1      | Reached skill level 3 in Dodging
   669 | D:1      | Reached XP level 3. HP: 27/28 MP: 3/3
  1017 | D:2      | HP: 7/28 [poisoned by an adder]
  1024 | D:2      | HP: 5/28 [poisoned by an adder]
  1032 | D:2      | HP: 4/28 [poisoned by an adder]
  1599 | D:2      | Gained mutation: You are partially covered in icy blue scales. (AC +2) [demonic ancestry]
  1599 | D:2      | Reached XP level 4. HP: 30/34 MP: 4/4
  1638 | D:2      | Found a glowing silver altar of Zin.
  2019 | D:3      | Reached skill level 4 in Axes
  2032 | D:3      | Reached skill level 3 in Fighting
  2064 | D:3      | HP: 8/35 [something (1)]
  2065 | D:3      | Gained mutation: You have hoof-like feet. [demonic ancestry]
  2065 | D:3      | Reached XP level 5. HP: 10/41 MP: 5/5
  2425 | D:3      | Noticed Natasha
  2432 | D:3      | Killed Natasha
  2469 | D:3      | Noticed Natasha
  2485 | D:3      | HP: 10/41 [Natasha/wand of flame (32) (5)]
  2486 | D:4      | Noticed an ogre
  2895 | D:4      | Reached skill level 5 in Axes
  2907 | D:4      | Found a stormy altar of Qazlal.
  2985 | D:4      | Found a shattered altar of Ashenzari.
  2994 | D:4      | Found an iron altar of Okawaru.
  2999 | D:4      | Found a hazy altar of Hepliaklqana.
  3004 | D:4      | Found a shimmering altar of Xom.
  3004 | D:4      | Found a sacrificial altar of Ru.
  3007 | D:4      | Became a worshipper of Warmaster Okawaru
  3072 | D:4      | Gained mutation: You regenerate a little health from kills. [demonic ancestry]
  3072 | D:4      | Reached XP level 6. HP: 48/48 MP: 6/6
  3149 | D:4      | Noticed an ice beast
  3158 | D:4      | Killed an ice beast
  3158 | D:4      | Reached skill level 4 in Fighting
  3274 | D:4      | Got a citrine-studded leather armour
  3285 | D:4      | Identified the +6 leather armour "Zarchadomy" {MR+} (You found it on level 4 of the Dungeon)
  3503 | D:4      | Found a snail-covered altar of Cheibriados.
  3553 | D:5      | Entered Level 5 of the Dungeon
  3610 | D:5      | Reached * piety under Okawaru
  3610 | D:5      | Reached skill level 6 in Axes
  3610 | D:5      | Gained mutation: You are mostly covered in icy blue scales. (AC +3) [demonic ancestry]
  3610 | D:5      | Reached XP level 7. HP: 47/55 MP: 7/7
  3773 | D:5      | Reached skill level 5 in Fighting
  3932 | D:5      | Reached skill level 7 in Axes
  3998 | D:5      | Got a pair of steaming gloves
  4007 | D:5      | Reached ** piety under Okawaru
  4102 | D:5      | Gained mutation: You are completely covered in icy blue scales. (AC +4, rC+) [demonic ancestry]
  4102 | D:5      | Reached XP level 8. HP: 32/63 MP: 8/8
  4460 | D:5      | Found an iron altar of Okawaru.
  4567 | D:5      | Identified the cursed -6 pair of gloves "Wybbemn" {rPois rC+ Int+5} (You found it on level 5 of the Dungeon)
  4636 | D:6      | Found an opulent altar of Gozag.
  4694 | D:6      | Reached skill level 6 in Fighting
  4724 | D:6      | Reached skill level 8 in Axes
  4933 | D:6      | Found Qemiddu's Assorted Antiques.
  4987 | D:6      | Reached skill level 4 in Dodging
  5014 | D:6      | Noticed Prince Ribbit
  5329 | D:6      | Killed Prince Ribbit
  5412 | D:6      | HP: 10/65 [orc warrior/morningstar (22)]
  5992 | D:7      | Reached XP level 9. HP: 61/71 MP: 9/9
  5995 | D:7      | Reached *** piety under Okawaru
  6183 | D:7      | Found a shadowy altar of Dithmenos.
  6274 | D:7      | Found a white marble altar of Elyvilon.
  6290 | D:7      | Reached skill level 9 in Axes
  6442 | D:7      | Found a glowing golden altar of the Shining One.
  6467 | D:7      | Reached skill level 7 in Fighting
  6467 | D:7      | Reached skill level 5 in Dodging
  6467 | D:7      | Reached skill level 1 in Invocations
  6515 | D:7      | Found a basalt altar of Yredelemnul.
  6518 | D:7      | Noticed a profane servitor
  6847 | D:7      | Found a staircase to the Ecumenical Temple.
  6966 | D:7      | Noticed an angel
  7025 | D:8      | Reached skill level 2 in Invocations
  7057 | D:8      | HP: 17/72 [hornet (9)]
  7058 | D:8      | HP: 3/72 [hornet (8)]
  7058 | D:8      | Mangled by a hornet

Skill      XL: |  1  2  3  4  5  6  7  8  9 |
---------------+----------------------------+-----
Axes           | 3 4 5 6 7 8 9 |  9.5
Dodging        | 3 4 5 |  5.2
Fighting       | 3 4 5 6 7 |  7.2
Invocations    | 2 |  2.4
Throwing       | |  1.7

Action                   |  1- 3 |  4- 6 |  7- 9 || total
-------------------------+-------+-------+-------++-------
Melee: War axe           |    93 |   108 |   322 ||   523
       Kick              |     9 |    26 |    90 ||   125
       Punch             |       |       |     3 ||     3
Throw: Throwing net      |       |     1 |       ||     1
Invok: Heroism           |       |       |     6 ||     6
  Use: Scroll            |       |     8 |     7 ||    15
       Potion            |       |     1 |     1 ||     2
 Stab: Held in net/web   |       |     1 |       ||     1
  Eat: Chunk             |     1 |     8 |     7 ||    16
       Ration            |       |       |     1 ||     1
Armor: Leather armour    |    35 |    39 |   126 ||   200
       Skin              |       |     1 |       ||     1
Dodge: Dodged            |    74 |   101 |   198 ||   373

Vault maps used:
D:1:      giann_horns
D:2:      zin_scriptorium, dk_noncrumbling_4, hex_intersection,
          grunt_ministairs_1
D:3:      marbit_many_paths, uniq_terence, uniq_natasha
D:4:      nicolae_overflow_quartered_altars, grunt_temple_overflow_open,
          dk_vineyard_2, kennysheep_minor_cross
D:5:      wad_crossroads, first_ration, minmay_crystal_room, okawaru_gym_becter
D:6:      serial_shops, kennysheep_mini_moat, nicolae_gozag_seed_capital,
          uniq_prince_ribbit1
D:7:      grunt_temple_overflow_holy_war, lemuel_crystal_altar,
          minmay_temple_entry_fiery, minmay_misc_feat_ornament,
          grunt_dithmenos_smoke
D:8:      grunt_temple_overflow_growth_and_decay, kennysheep_little_box,
          enter_ossuary_5

Table legend:
 A = Turns spent in this place as a percentage of turns spent in the entire game.
 B = Non-inter-level travel turns spent in this place as a percentage of non-inter-level travel turns spent in the entire game.
 C = Inter-level travel turns spent in this place as a percentage of turns spent in this place.
 D = Turns resting spent in this place as a percentage of non-inter-level travel turns spent in this place.
 E = Turns spent auto-exploring this place as a percentage of non-inter-level travel turns spent in this place.
 F = Non-inter-level travel turns spent in this place divided by the number of levels of this place that you've seen.
                   A       B       C       D       E      F
               +-------+-------+-------+-------+-------+----------------------
         Total | 100.0 | 100.0 |   2.6 |  30.5 |  47.6 | 859.8
       Dungeon | 100.0 | 100.0 |   2.6 |  30.5 |  47.6 | 859.8
               +-------+-------+-------+-------+-------+----------------------

Table legend:
 A = Kills in this place as a percentage of kills in entire the game.
 B = Kills by you in this place as a percentage of kills by you in the entire game.
 C = Kills by friends in this place as a percentage of kills by friends in the entire game.
 D = Other kills in this place as a percentage of other kills in the entire game.
 E = Experience gained in this place as a percentage of experience gained in the entire game.
 F = Experience gained in this place divided by the number of levels of this place that you have seen.
                   A       B       C       D       E      F
               +-------+-------+-------+-------+-------+----------------------
         Total | 100.0 | 100.0 |   N/A |   N/A | 100.0 | 519.6
       Dungeon | 100.0 | 100.0 |   N/A |   N/A | 100.0 | 519.6
               +-------+-------+-------+-------+-------+----------------------
